Cogmind - Beta 9.6 @@@ ROGUE MODE // 2020.08.18 @ 03:50:10 Player: Exp. Geo Core Result: Destroyed by G-34 Mercenary with Small Laser Performance ------------- Evolutions (1) 500 Regions Visited (2) 400 Robots Destroyed (14) 70 Value Destroyed (401) 401 Prototype IDs (0) 0 Alien Tech Used (0) 0 Bonus (0) 0 TOTAL SCORE: 1371 Bonus ------- None Cogmind --------- Core Integrity 0/400 Matter 294/300 Energy 100/100 System Corruption 4% Temperature Cool (12) Movement Rolling (100) Location -9/Materials Parts ------- > --- POWER (1) -------- (None) > --- PROPULSION (2) --- Compact Wheel > --- UTILITY (4) ------ Small Storage Unit Improved Signal Interpreter Improved Signal Interpreter > --- WEAPON (2) ------- (None) > --- INVENTORY (6) ---- Compact Wheel Datajack Katana Peak State ------------ > --- POWER ------------ Light Ion Engine > --- PROPULSION ------- Wheel Armored Wheel > --- UTILITY ---------- Heat Sink Small Storage Unit Improved Signal Interpreter Improved Signal Interpreter > --- WEAPON ----------- EM Pulse Gun Assault Rifle > --- INVENTORY -------- Light Ion Engine Compact Wheel Compact Wheel Compact Wheel Compact Wheel Katana [Rating: 12] Favorites ----------- Power Light Ion Engine Engine Light Ion Engine Propulsion Compact Wheel Wheel Compact Wheel Utility Improved Signal Interpreter Device Heat Sink Storage Small Storage Unit Processor Improved Signal Interpreter Weapon Assault Rifle Energy Gun EM Pulse Gun Ballistic Gun Assault Rifle Build | -11 -10 -9 ------- Run | Scr Mat Mat Slots Evolved 2 | . . 2 Power . | . . . Propulsion . | . . . Utility 2 | . . 2 Weapon . | . . . Parts Attached 19 | 6 1 12 Power 2 | 1 . 1 Engine 2 | 1 . 1 Core . | . . . Reactor . | . . . Propulsion 5 | 2 . 3 Treads . | . . . Leg . | . . . Wheel 5 | 2 . 3 Hover . | . . . Flight . | . . . Utility 5 | 1 1 3 Device 2 | . 1 1 Storage 1 | 1 . . Processor 2 | . . 2 Hackware . | . . . Protection . | . . . Artifact . | . . . Weapon 7 | 2 . 5 Energy Gun 4 | 1 . 3 Energy Cannon . | . . . Ballistic Gun 3 | 1 . 2 Ballistic Cannon . | . . . Launcher . | . . . Special Weapon . | . . . Impact Weapon . | . . . Slashing Weapon . | . . . Piercing Weapon . | . . . Special Melee Weapon . | . . . Unidentified Prototypes . | . . . Parts Lost 14 | . . 14 Power 2 | . . 2 Propulsion 3 | . . 3 Utility 2 | . . 2 Weapon 7 | . . 7 Highest Loss Streak 6 | . . 6 Average Slot Usage (%) 85 | . 90 83 Engine 10 | . 14 8 Wheel 22 | . 28 20 Device 5 | . 4 5 Storage 12 | . 14 11 Processor 14 | . . 21 Energy Gun 9 | . 14 6 Ballistic Gun 10 | . 14 9 Naked Turns . | . . . Heaviest Build 12 | 11 12 12 Greatest Support 28 | 26 26 28 Greatest Overweight (x) 1 | . . 1 Average Overweight (x) . | . . . Largest Inventory Capacity 6 | 6 6 6 Average Capacity 5 | 4 6 6 Most Carried 6 | 2 6 6 Average Carried 4 | 1 5 4 Final Capacity 6 | 6 6 6 Final Carried 6 | 2 6 3 Class Distribution -------------------- 100% | Mutant Dominant Class ---------------- Mutant | -10/Materials Mutant | -9/Materials Resources | -11 -10 -9 ----------- Run | Scr Mat Mat Matter Collected 480 | 109 194 177 Remotely . | . . . Salvage Created 457 | . 155 302 Parts 32 | . 8 24 Haulers Intercepted 1 | . 1 . Recyclers Shooed . | . . . Parts Field Recycled . | . . . Retrieved Matter . | . . . Parts Self-Destructed . | . . . Prevented . | . . . Kills | -11 -10 -9 ------- Run | Scr Mat Mat Combat Hostiles Destroyed 12 | . 2 10 Guns 10 | . 2 8 AOE 2 | . . 2 Classes Destroyed 6 | . 2 4 Hauler 1 | . 1 . Operator 1 | . . 1 Swarmer 3 | . . 3 Grunt 7 | . 2 5 Duelist 1 | . . 1 Sentry 1 | . . 1 Best Kill Streak 4 | . 2 4 Combat Bots Only 3 | . 2 3 Max Kills in Single Turn 2 | . 2 2 Gunslinging 1 | . 1 . Exploded 2 | . . 2 Melee . | . . . Uniques/NPCs Destroyed . | . . . Combat | -11 -10 -9 -------- Run | Scr Mat Mat Damage Taken 1382 | . 122 1260 Core 454 | . 45 409 Absorbed by Shields . | . . . Core Remaining (%) 91 | 100 82 . Volleys Fired 55 | . 12 43 Largest 2 | . 2 2 Hottest 76 | . 60 76 Shots Fired 90 | . 24 66 Gun 90 | . 24 66 Cannon . | . . . Launcher . | . . . Special . | . . . Kinetic 64 | . 12 52 Thermal 3 | . . 3 Explosive . | . . . Electromagnetic 23 | . 12 11 Robot Hit Streak 12 | . 9 12 Robot Miss Streak 2 | . 2 2 Penetration Max . | . . . Secondary Targets 2 | . 1 1 Max Gunslinging Chain 1 | . 1 1 Shots Hit Robots 66 | . 16 50 Core Hits 24 | . 5 19 Critical Hits 2 | . . 2 Critical Kills 1 | . . 1 Critical Parts Destroyed 1 | . . 1 Melee Attacks . | . . . Impact . | . . . Slashing . | . . . Piercing . | . . . Sneak Attacks . | . . . Combat Hostiles . | . . . Follow-up Attacks . | . . . Damage Inflicted 1015 | . 203 812 Guns 727 | . 203 524 Cannons . | . . . Explosions 282 | . . 282 Melee . | . . . Ramming 6 | . . 6 Kinetic 529 | . 123 406 Thermal 116 | . . 116 Explosive 181 | . . 181 Electromagnetic 183 | . 80 103 Impact . | . . . Slashing . | . . . Piercing . | . . . Highest Corruption 4 | . . 4 Average Corruption 3 | . . 3 Corruption Purged . | . . . Overload Shots . | . . . Overflow Damage 1 | . . 1 Projectiles . | . . . Explosions 1 | . . 1 Melee . | . . . Knockbacks . | . . . Impact . | . . . Kinetic . | . . . Secondary . | . . . Self-Inflicted Damage 142 | . . 142 Shots 2 | . . 2 Rammed 1 | . . 1 Targets Rammed 1 | . . 1 Kicked . | . . . Crushed . | . . . Highest Temperature 79 | . 63 79 Average Temperature 32 | . 38 26 Received Heat Transfer 543 | . 72 471 Siege Activations . | . . . Robots Corrupted . | . . . Combat Hostiles . | . . . Parts Fried . | . . . Impact Corruptions . | . . . Robots Melted . | . . . Combat Hostiles . | . . . Parts Melted . | . . . Heat Transferred 187 | . . 187 Parts Sabotaged . | . . . Parts Stolen . | . . . Parts Stripped . | . . . Power Chain Reactions 1 | . . 1 Missiles Intercepted . | . . . Alert | -11 -10 -9 ------- Run | Scr Mat Mat Peak Influence 275 | . 96 275 Average Influence 129 | . 50 185 Maximum Alert Level 1 | . . 1 Low Security (%) 64 | 100 100 42 Level 1 35 | . . 57 Level 2 . | . . . Level 3 . | . . . Level 4 . | . . . Level 5 . | . . . High Security . | . . . Max Security . | . . . Squads Dispatched 7 | . 3 4 Investigation 1 | . 1 . Extermination . | . . . Reinforcement 6 | . 2 4 Assault . | . . . Garrison . | . . . Intercept . | . . . Construction Impeded . | . . . Haulers Reinforced . | . . . Stealth | -11 -10 -9 --------- Run | Scr Mat Mat Distress Signals 4 | . 1 3 Communications Jammed . | . . . Distress Signals . | . . . Times Spotted 43 | . 10 33 Peak Tracking Total 18 | . 6 18 Tactical Retreats 2 | . 1 1 Traps | -11 -10 -9 ------- Run | Scr Mat Mat Traps Triggered 3 | . 1 2 Indirectly . | . . . Trap Hack Attempts . | . . . Triggered . | . . . Disarmed . | . . . Reprogrammed . | . . . Reused . | . . . Traps Extracted . | . . . Installed . | . . . Triggered . | . . . Machines | -11 -10 -9 ---------- Run | Scr Mat Mat Machines Disabled 1 | . . 1 Max in Single Turn 1 | . . 1 Machines Sabotaged . | . . . Garrisons Compromised . | . . . Overloaded Fab Kills . | . . . Fab Network Shutdowns . | . . . Hacking | -11 -10 -9 --------- Run | Scr Mat Mat Machines Accessed 3 | . 3 . Terminals 3 | . 3 . Fabricators . | . . . Repair Stations . | . . . Recycling Units . | . . . Scanalyzers . | . . . Garrison Access . | . . . Total Hacks 13 | . 13 . Successful 4 | . 4 . Failed 9 | . 9 . Catastrophic 3 | . 3 . Database Lockouts . | . . . Manual 13 | . 13 . Terminals 13 | . 13 . Fabricators . | . . . Repair Stations . | . . . Recycling Units . | . . . Scanalyzers . | . . . Garrison Access . | . . . Terminal Hacks . | . . . Fabricator Hacks . | . . . Repair Station Hacks . | . . . Recycling Unit Hacks . | . . . Scanalyzer . | . . . Garrison Access Hacks . | . . . Unauthorized Hacks 4 | . 4 . Terminals 4 | . 4 . Botnet 3 | . 3 . Operators 1 | . 1 . Fabricators . | . . . Repair Stations . | . . . Recycling Units . | . . . Scanalyzers . | . . . Garrison Access . | . . . Data Cores Recovered . | . . . Used . | . . . Hacking Detections 3 | . 3 . Full Trace Events 1 | . 1 . Feedback Events . | . . . Feedback Blocked . | . . . Robot Schematics Acquired . | . . . Robots Built . | . . . Matter . | . . . Time . | . . . Total Robot Build Rating . | . . . Part Schematics Acquired . | . . . Parts Built . | . . . Matter . | . . . Time . | . . . Total Part Build Rating . | . . . Parts Repaired . | . . . Time . | . . . Parts Recycled . | . . . Recycled Matter . | . . . Retrieved Matter . | . . . Retrieved Components . | . . . Parts Scanalyzed . | . . . Part Schematics Acquired . | . . . Parts Damaged . | . . . Bothacking | -11 -10 -9 ------------ Run | Scr Mat Mat Used RIF Installer . | . . . Robots Hacked . | . . . Non-combat . | . . . Combat . | . . . Robot Hacks Applied . | . . . Relay Couplers Released . | . . . Robots Rewired . | . . . Allies Hacked . | . . . Hacks Repelled . | . . . Allies | -11 -10 -9 -------- Run | Scr Mat Mat Total Allies . | . . . Largest Group . | . . . Highest-Rated Group . | . . . Highest-Rated Ally . | . . . Total Orders . | . . . Ally Attacks . | . . . Total Damage . | . . . Kills . | . . . Allies Corrupted . | . . . Allies Melted . | . . . Intel | -11 -10 -9 ------- Run | Scr Mat Mat Robot Analysis Total . | . . . Derelict Logs Recovered . | . . . Drone Launches . | . . . Drone Recoveries . | . . . Exploration | -11 -10 -9 ------------- Run | Scr Mat Mat Turns Passed 497 | 39 151 307 Spaces Moved 326 | 33 118 175 Core 6 | 2 . 4 Treads . | . . . Legs . | . . . Wheels 320 | 31 118 171 Hover . | . . . Flight . | . . . Fastest Speed 50 | 50 90 85 Average Speed 91 | 86 90 94 Slowest Speed 100 | 90 90 100 Overloaded Moves . | . . . Propulsion Burnouts . | . . . Robots Hopped . | . . . Cave-ins Triggered . | . . . Exploration Rate (%) 21 | 4 32 29 Regions Visited 2 Branch Regions . Pre-discovered Areas . | . . . Known Exits Taken . | . . . Unknown Exits Taken 2 | 1 1 . Scrap Searched . | . . . Spaces Dug . | . . . Terrain Destroyed 27 | . . 27 Melee . | . . . Projectile . | . . . AOE 27 | . . 27 Actions | -11 -10 -9 --------- Run | Scr Mat Mat Total 433 | 40 138 255 Wait 21 | . 4 17 Move 324 | 32 117 175 Hop . | . . . Pick Up 11 | 2 4 5 Fast Attach 11 | 6 1 4 Attach 7 | . . 7 Detach . | . . . Swap 1 | . . 1 Drop 2 | . . 2 Fire 55 | . 12 43 Melee . | . . . Ram 1 | . . 1 Kick . | . . . Crush . | . . . Escape Stasis . | . . . Rewire . | . . . Trap . | . . . Miscellaneous . | . . . Route ------- -11/Scrapyard -10/Materials (discovered 2 exits: [*Mat] / [*Min]) -9/Materials (discovered 1 exit: [*Min]) History --------- Turn | Location | Event 2 | -11/Scrapyard | Met Revision 17 5 | -11/Scrapyard | Discovered new exit (range 15) 40 | -11/Scrapyard | Entered Materials 95 | -10/Materials | Discovered new exit (range 8) 183 | -10/Materials | Discovered new exit (range 10) 191 | -10/Materials | Entered another Materials area 191 | -9/Materials | Evolved 2 slots: Utility x2 323 | -9/Materials | Build established: Mutant 325 | -9/Materials | Lost 4 parts (1p1n1u1w) 404 | -9/Materials | Discovered new exit (range 16) 443 | -9/Materials | Core integrity fell below 50% 480 | -9/Materials | Core integrity fell below 20% 498 | -9/Materials | Destroyed by G-34 Mercenary with Small Laser Last Messages --------------- 00415_ The floor emits a surge of raw power. 00415_ System corrupted (+2). 00420_ U-05 Engineer lays Concrete. 00424_ O-16 Technician: "IFF HANDSHAKE FAILED. SECURING TERMINAL." 00430_ ALERT: Hostiles spotted, dispatching reinforcements to Terminal M003. 00435_ Acquired Med. Laser. 00440_ Com. Wheel destroyed. 00443_ K-01 Serf collects debris. 00444_ Lgt. Ion Engine destroyed. 00447_ Sml. Laser destroyed. 00447_ K-01 Serf collects debris. 00449_ U-05 Engineer builds a Door. 00450_ Arm. Wheel destroyed. 00450_ K-01 Serf collects debris. 00456_ Heat Sink destroyed. 00459_ K-01 Serf collects debris. 00472_ Med. Laser destroyed. 00478_ Slammed into Y-45 Defender. 00490_ W-16 Scout sends out distress signal. Map ----- +----------------------------------------------------+ | ???????????????????????# #???????????????????????? | | ????????????############ #???????????????????????? | | ????????????# + #???????????????????????? | | ????????????# # #######???????????????????????? | | ????????????# ]??# #?????????????????????????????? | | ???????????# ????# #?????????????????????????????? | | ?????????????????# #?????????????????????????????? | | ?????????????????# #?????????????????????????????? | | ?????????????????# #?????????????????????????????? | | ?????????????????# #?????????????????????????????? | | ?????????????????# #?????????????????????????????? | | ????????????????## ##????????????????????????????? | | ????????????????# #????????????????????????????? | | ????????????????# #????????????????????????????? | | ????????????????#! =#????????????????????????????? | | ????????????????## ##?????#####??????????????????? | | ?????????????????# #?????? #??????????????????? | | ?????????????????# #??????[[ #??????????????????? | | ?????????????????# #??????[[ ???????????????????? | | ?????????????????# #??????[ ????????????????????? | | ?????????????????# #?????? ?????????????????????? | | ?????????????????# #######/###### ???????????????? | | ?????????????????# g g a ???????????????? | | ?????????????????#Ygg g #????????????????????? | | ?????????????????# #????????????????????? | | ?????????????????# w @ #????????????????????? | | ?????????????????+ + ] ?????????????? | | ?????????????????######## ## ????????????? | | ????????????????????????#####????????????????????? | | ?????????????????????????????????????????????????? | | ?????????????????????????????????????????????????? | | | | | | | | | | | | | | | | | | | | | | | | | | | | | | | | | | | | | | | +----------------------------------------------------+ Best States ------------- Heat Dissipation 38 Energy Generation 10 Energy Capacity 125 Matter Stores 300 Matter Capacity 300 Sight Range 16 Terrain Scan Density 10 Evasion (%) 44 Item Schematics ----------------- None Robot Schematics ------------------ None Fabricated ------------ Nothing Alien Tech Used ----------------- None Achievements -------------- None Challenges ------------ None Game ------ Seed ArchitectWarpConverter Manual? 0 Play Time 00:07:34 Cumulative 26.4 hours Start 2020.08.18 @ 03:42:55 End 2020.08.18 @ 03:50:10 Sessions 1 Manual Loads 0 Difficulty Rogue Special Mode None Game No. 36 Rogue 36 Adventurer 0 Explorer 0 Win Type - Total 1 Types 1/0/0/0/0/0/0 Lore% 32 Gallery% 39 Achievement% 36 Wizard Run 0 Options --------- ASCII 0 Keyboard 0 Movement Mouse Keybinds 0 Fullscreen 1 Font 18/Smallcaps Map View 76x50 Tactical HUD 1 Map Filters NONE Filters NONE Steam 1 RUN: 7691e687-ccfb-4335-b1e3-63727a6bfaea